 Dungeon Crawl Stone Soup version 0.30.1 (webtiles) character file.

Game seed: 9004307855158423562

161 Graphine the Ducker (level 5, -1/42 HPs)
             Began as a Merfolk Monk on July 6, 2023.
             Slain by Grinder (5 damage)
             ... on level 3 of the Dungeon.
             The game lasted 00:04:50 (2140 turns).

Graphine the Ducker (Merfolk Monk)                  Turns: 2140, Time: 00:04:51

Health: -1/42      AC:  5    Str: 13    XL:     5   Next: 42%
Magic:  5/5        EV: 15    Int: 15    God:
Gold:   156        SH:  0    Dex: 17    Spells: 4/4 levels left

rFire   . . .        a - +0 spear
rCold   . . .        (no shield)
rNeg    . . .        b - +0 robe
rPois   .            (no helmet)
rElec   .            c - +0 cloak
rCorr   .            (no gloves)
SInv    .            l - +1 pair of boots
Will    .....        (no amulet)
Stlth   ++           i - +6 ring of intelligence
HPRegen 0.27/turn    (no ring)
MPRegen 0.09/turn

%: no passive effects
@: no status effects
A: (nimble swimmer 2), mertail
a: no special abilities


You were on level 3 of the Dungeon.
You visited 1 branch of the dungeon, and saw 3 of its levels.

You collected 156 gold pieces.

Inventory:

Hand Weapons
 a - a +0 spear (weapon)
 h - a +2 shortbow of flaming
Missiles
 n - 4 boomerangs (quivered)
Armour
 b - a +0 robe (worn)
 c - a +0 cloak (worn)
 d - an orb of light
 l - a +1 pair of boots (worn)
Jewellery
 i - a +6 ring of intelligence (left hand)
Scrolls
 g - a scroll of magic mapping
 m - a scroll of identify
Potions
 f - a potion of flight {unknown}
 j - 2 potions of brilliance {unknown}
 k - a potion of lignification {unknown}


   Skills:
 + Level 4.1 Fighting
 * Level 5.8 Polearms
 * Level 5.8 Dodging


You had 4 spell levels left.
You didn't know any spells.
Your spell library contained the following spells:

 Spells                   Type           Power      Damage    Failure   Level
 Sublimation of Blood     Necr           0%         N/A       38%         2
 Petrify                  Tmut/Erth      0%         N/A       95%         4
 Irradiate                Conj/Tmut      0%         3d11      100%        5


Dungeon Overview and Level Annotations

Branches:
Dungeon (3/15)

Altars:

Shops:
D:2 (

Annotations:
D:3 Grinder


Innate Abilities, Weirdness & Mutations

((You are very nimble when in or above water. (Stealth+, EV+, Speed+++)))
Your lower body shifts to a powerful aquatic tail in water.


Message History

Grinder blinks!
Unknown command.
Reach: a) +0 spear
Press: ? - help, Dir - move target, f/p - Grinder
Aim: Grinder (severely wounded, about 37% to evade your +0 spear)
You closely miss Grinder.
Grinder is severely wounded.
Unknown command.
Reach: a) +0 spear
Press: ? - help, Dir - move target, f/p - Grinder
Aim: Grinder (severely wounded, about 37% to evade your +0 spear)
You hit Grinder but do no damage.
Grinder is severely wounded.
Grinder gestures at you. Pain shoots through your body!
Reach: a) +0 spear
Press: ? - help, Dir - move target, f/p - Grinder
Aim: Grinder (severely wounded, about 37% to evade your +0 spear)
You hit Grinder.
Grinder is almost dead.
Grinder hits you.
* * * LOW HITPOINT WARNING * * *
You writhe in agony.
* * * LOW HITPOINT WARNING * * *
Reach: a) +0 spear
Press: ? - help, Dir - move target, f/p - Grinder
Aim: Grinder (almost dead, about 37% to evade your +0 spear)
You hit Grinder but do no damage.
Grinder is almost dead.
Grinder hits you.
* * * LOW HITPOINT WARNING * * *
You writhe in agony.
* * * LOW HITPOINT WARNING * * *
Reach: a) +0 spear
Press: ? - help, Dir - move target, f/p - Grinder
Aim: Grinder (almost dead, about 37% to evade your +0 spear)
You hit Grinder.
Grinder is almost dead.
Grinder hits you.
You die...

####..##.##.#...#####.#
# #..##....†.........# #
#..#####.###...##### #
##..#####># #...#
###.........# #...#
#.......#.### #...#
#.#.....#.# #...####!.
........#.#####.....[...
#.#....<........@.......
#.#.............5.......
#.#.....................
#.......#######....###..
####....# #..... ..
#.#### #...### #...#
#...# ###.# ....# #.# #


You could see Grinder.

Vanquished Creatures
  Jessica (D:2)
  Natasha (D:3)
  Robin (D:2)
  2 adders
  A worm (D:2)
  7 endoplasms
  12 goblins
  8 hobgoblins
  9 jackals
  4 kobolds (D:2)
  5 quokkas
  7 ball pythons
  5 bats
  4 frilled lizards
  6 rats
73 creatures vanquished.

Notes
Turn   | Place    | Note
-------+----------+-------------------------------------------
     0 | D:1      | Graphine the Merfolk Monk began the quest for the Orb.
     0 | D:1      | Reached XP level 1. HP: 18/18 MP: 1/1
   152 | D:1      | Reached XP level 2. HP: 24/24 MP: 2/2
   327 | D:1      | Reached XP level 3. HP: 28/29 MP: 3/3
   555 | D:2      | Noticed Jessica
   563 | D:2      | Killed Jessica
   564 | D:2      | Reached skill level 5 in Polearms
   564 | D:2      | Reached skill level 5 in Dodging
   564 | D:2      | Reached XP level 4. HP: 31/37 MP: 4/4
   770 | D:2      | Noticed Robin
   801 | D:2      | Killed Robin
  1364 | D:2      | Reached XP level 5. HP: 42/42 MP: 5/5
  1404 | D:2      | Found Sestrec's Weapon Shoppe.
  2022 | D:3      | Noticed Natasha
  2034 | D:3      | Killed Natasha
  2078 | D:3      | Noticed Grinder
  2089 | D:3      | Paralysed by Grinder for 5 turns
  2102 | D:3      | Paralysed by Grinder for 2 turns
  2118 | D:3      | Paralysed by Grinder for 4 turns
  2140 | D:3      | Slain by Grinder

Illustrated notes

Levels and vault maps discovered:
D:1:      lemuel_arrival_lava_pool, layout_rooms
D:2:      layout_loops_corners, serial_shops, nicolae_shop_bloodbath_and_beyond,
          uniq_robin, uniq_jessica
D:3:      layout_loops_cross, mainiacjoe_overflow_concentric_impassable,
          minmay_overflow_temple_star_quad, shapermc_ecumenical_altar_venn,
          uniq_natasha, uniq_grinder, uniq_crazy_yiuf_cottage

Skill      XL: |  1  2  3  4 |
---------------+-------------+-----
Polearms       | 5 |  5.8
Dodging        | 5 |  5.8
Fighting       | 4 |  4.1

Action                     |  1- 3 |  4- 6 || total
---------------------------+-------+-------++-------
  Melee: Spear             |    91 |   180 ||   271
         Punch             |       |     1 ||     1
   Fire: Shortbow          |       |     4 ||     4
  Throw: Boomerang         |       |     2 ||     2
    Use: Scroll            |     3 |     2 ||     5
         Potion            |       |     2 ||     2
   Stab: Invisible         |       |     3 ||     3
         Sleeping          |       |     1 ||     1
 Armour: Robe              |     5 |    20 ||    25
  Dodge: Dodged            |    39 |    72 ||   111
